 Dungeon Crawl Stone Soup version 0.29.1-15-g9cfb28693d (webtiles) character file.

Game seed: 10129524515829406794

11 protoss039 the Digger (level 2, 20/20 HPs)
             Began as a Demonspawn Earth Elementalist on Mar 8, 2023.
             Got out of the dungeon alive.
             The game lasted 00:00:37 (888 turns).

protoss039 the Digger (DsEE)                         Turns: 888, Time: 00:00:38

Health: 20/20      AC:  3    Str:  8    XL:     2   Next: 17%
Magic:  5/5        EV: 12    Int: 16    God:
Gold:   6          SH:  0    Dex: 13    Spells: 4/5 levels left

rFire   . . .      SeeInvis .   c - +0 dagger
rCold   . . .      Faith    .   (no shield)
rNeg    . . .      Spirit   .   a - +0 robe
rPois   .          Reflect  .   (no helmet)
rElec   .          Harm     .   f - +0 cloak
rCorr   .          Rampage  .   (no gloves)
Will    .....                   (no boots)
Stlth   ++........              (no amulet)
HPRegen 0.06/turn               (no ring)
MPRegen 0.09/turn               (no ring)

@: no status effects
A: spiny 1
a: no special abilities


You escaped.
You visited 1 branch of the dungeon, and saw 1 of its levels.

You collected 6 gold pieces.

Inventory:

Hand Weapons
 c - a +0 dagger (weapon)
Armour
 a - a +0 robe (worn)
 f - a +0 cloak (worn)
Scrolls
 h - a scroll of identify {unknown}
 i - a scroll of fear {unknown}
Potions
 b - a potion of magic
 d - 2 potions of flight {unknown}
 e - a potion of ambrosia {unknown}
 g - a potion of curing {unknown}


   Skills:
 + Level 0.9 Fighting
 - Level 1.7 Dodging
 - Level 1.7 Stealth
 + Level 2.2 Spellcasting
 - Level 0.8 Transmutations
 + Level 2.9 Earth Magic


You had 4 spell levels left.
You knew the following spells:

 Your Spells              Type           Power      Damage    Failure   Level
a - Sandblast             Erth           22%        2d7       6%          1

Your spell library contained the following spells:

 Spells                   Type           Power      Damage    Failure   Level
 Passwall                 Tmut/Erth      5%         N/A       14%         2
 Stone Arrow              Conj/Erth      12%        3d7       32%         3
 Petrify                  Tmut/Erth      7%         N/A       67%         4


Dungeon Overview and Level Annotations

Branches:
Dungeon (1/15) Zot: 5108

Altars:


Innate Abilities, Weirdness & Mutations

You are partially covered in sharp spines.


Message History

The bat is struck by your spines.
You kill the bat!
i - a scroll labelled RINUHUSUMO No target in view!
There is a shaft here.
A kobold comes into view. It is wielding a +0 dagger.
A kobold is nearby!
The helpless kobold fails to defend itself.
You hit the kobold.
You kill the kobold!
Things that are here:
a +0 dagger; a kobold corpse
Found 4 stones.
No target in view!
You open the door.
Found a leather armour.
No target in view!
There is an open door here.
You open the door.
A frilled lizard comes into view.
There is an open door here.
Casting: Sandblast (safe; 6% risk of failure)
Confirm with . or Enter, or press ? or * to list all spells.
Aiming: Sandblast (safe; 6% risk of failure)
Press: ? - help, Shift-Dir - straight line, f - frilled lizard
Aim: a frilled lizard (asleep, 100% to hit)
The blast of sand hits the frilled lizard.
You kill the frilled lizard!
Unknown command.
There is an open door here.
There is an open door here.
You see here a +0 dagger.
You open the door.
There is an open door here.
You see here a +0 dagger.
There is an open door here.
There is an open door here.
There is a staircase leading out of the dungeon here.
Are you sure you want to leave the Dungeon?
This will make you lose the game!
You have escaped!

#♣♣ #♣.#♣ #♣# #.#♣#.♣.#♣♣.#
#...........# ♣...........#
#..#######..♣
########♣..#.....#..#♣
#.....#♣...#.....#...#♣
#.#####.#..#..P..#..♣.# #.#
##♣#...#.P@..+...##########
#.#
#.##♣..#.....#..###........
#.# #.#
#..###'###..~♣########.
#.###.# ♣...........♣#
#....... #.....#
♣...........#♣ #.#####.
#####.# ###♣♣.#.♣♣#♣.#
#.##.... #.# ♣♣.#♣# ♣.#
#.##.##. #.# ♣#♣.###.#
#....... #.### ##......#
####.###


There were no monsters in sight!

Vanquished Creatures
  2 ball pythons (D:1)
  2 bats (D:1)
  An endoplasm (D:1)
  A frilled lizard (D:1)
  2 goblins (D:1)
  3 kobolds (D:1)
  A rat (D:1)
12 creatures vanquished.

Notes
Turn   | Place    | Note
-------+----------+-------------------------------------------
     0 | D:1      | protoss039 the Demonspawn Earth Elementalist began the
                  | quest for the Orb.
     0 | D:1      | Reached XP level 1. HP: 13/13 MP: 3/3
   593 | D:1      | Gained mutation: You are partially covered in sharp spines.
                  | [demonic ancestry]
   593 | D:1      | Reached XP level 2. HP: 20/20 MP: 3/5
   888 | D:$      | Got out of the dungeon alive.

Illustrated notes

Levels and vault maps discovered:
D:1:      saegor_arrival_under_anarchy, layout_loops_corners,
          due_unseen_surprise

Action                   || total
-------------------------++-------
Melee: Dagger            ||     6
 Cast: Sandblast         ||     9
 Stab: Sleeping          ||     1
Armor: Robe              ||     3
Dodge: Dodged            ||     4
